 Dungeon Crawl Stone Soup version 0.32-a0-921-g04a7ad8e02 (webtiles) character file.

Game seed: 7386302908885757807

6452 soonmide the Arsonist (level 10, -5/70 HPs)
             Began as a Mountain Dwarf Fire Elementalist on Apr 11, 2024.
             Was a Follower of Hepliaklqana.
             Slain by a killer bee (10 damage)
             ... on level 9 of the Dungeon.
             The game lasted 00:46:41 (10053 turns).

soonmide the Arsonist (MDFE)                       Turns: 10053, Time: 00:46:41

Health: -5/70      AC: 14    Str: 21    XL:     10   Next: 67%
Magic:  3/17       EV:  9    Int: 18    God:    Hepliaklqana [*.....]
Gold:   306        SH:  4    Dex: 12    Spells: 3/19 levels left

rFire   + . .        p - +2 rapier (venom)
rCold   . . .        C - +0 buckler "Zooschyl" {Will+ Str+4}
rNeg    . . .        k - +4 ring mail
rPois   .            w - +0 helmet
rElec   .            I - +1 cloak
rCorr   .            (no gloves)
SInv    .            d - +0 pair of boots
Will    ++...        (no amulet)
Stlth   +            f - +6 ring of strength
HPRegen 0.31/turn    c - ring of protection from fire
MPRegen 0.15/turn

%: no passive effects
@: no status effects
A: reduced essence, runic magic, artefact enchanting
a: Renounce Religion, Recall Ancestor, Ancestor Identity


You were on level 9 of the Dungeon.
You worshipped Hepliaklqana.
Hepliaklqana was aware of your devotion.
You visited 2 branches of the dungeon, and saw 10 of its levels.

You collected 306 gold pieces.

Inventory:

Hand Weapons
 b - a +2 whip of electrocution
 n - the +0 mace of Iheilad {drain, rPois rCorr Str+2}
   (You found it on level 3 of the Dungeon)

   Str+2:     It affects your strength (+2).
   rPois:     It protects you from poison.
   rCorr:     It protects you from acid and corrosion.
 p - a +2 rapier of venom (weapon)
Missiles
 h - 6 curare-tipped darts (quivered)
 j - 12 poisoned darts
Armour
 d - a +0 pair of boots (worn)
 k - a +4 ring mail (worn)
 w - a +0 helmet (worn)
 C - the +0 buckler "Zooschyl" (worn) {Will+ Str+4}
   (You found it on level 2 of the Dungeon)

   Str+4:     It affects your strength (+4).
   Will+:     It increases your willpower.
 I - a +1 cloak (worn)
Jewellery
 c - a ring of protection from fire (right hand)
 f - a +6 ring of strength (left hand)
 m - a ring of see invisible
Wands
 a - a wand of paralysis (3)
 r - a wand of flame (25)
 y - a wand of warping (7)
 z - a wand of acid (6)
 G - a wand of polymorph (2)
Scrolls
 g - 2 scrolls of immolation
 F - a scroll of revelation
Potions
 e - 2 potions of curing
 i - 3 potions of might
 l - 2 potions of mutation
 o - a potion of haste
 q - a potion of lignification
 u - 3 potions of brilliance
 v - a potion of invisibility {unknown}
 B - a potion of enlightenment
 D - a potion of cancellation {unknown}
 E - 2 potions of resistance
 H - a potion of ambrosia


   Skills:
 - Level 4.1 Fighting
 + Level 4.7 Short Blades
 - Level 2.4 Maces & Flails
 - Level 5.0 Armour
 - Level 1.3 Dodging
 - Level 3.0 Stealth
 - Level 4.6 Shields
 - Level 5.0 Spellcasting
 - Level 4.0 Conjurations
 - Level 3.0 Translocations
 + Level 9.6 Fire Magic
 - Level 1.0 Alchemy
 + Level 6.5 Invocations
 - Level 2.1 Evocations


You had 3 spell levels left.
You knew the following spells:

 Your Spells              Type           Power      Damage    Failure   Level
a - Foxfire               Conj/Fire      100%       2x1d9     1%          1
b - Sting                 Conj/Alch      52%        1d6       6%          1
c - Scorch                Fire           78%        2d8       1%          2
d - Ensorcelled Hibernat  Hex/Ice        8%         N/A       26%         2
e - Flame Wave            Conj/Fire      29%        2d9       11%         4
f - Volatile Blastmotes   Fire/Tloc      54%        2d14      4%          3
g - Teleport Other        Tloc           15%        N/A       16%         3

Your spell library contained the following spells:

 Spells                   Type           Power      Damage    Failure   Level
 Lesser Beckoning         Tloc           30%        N/A       8%          2
 Inner Flame              Hex/Fire       21%        N/A       8%          3
 Maxwell's Portable Pile  Tloc           15%        2d(6-18)  16%         3
 Mercury Vapours          Alch/Air       12%        N/A       22%         2
 Stone Arrow              Conj/Erth      22%        3d8       24%         3
 Fugue of the Fallen      Necr           4%         N/A       47%         3
 Olgreb's Toxic Radiance  Alch           8%         N/A       75%         4
 Anguish                  Hex/Necr       2%         N/A       87%         4
 Animate Armour           Summ/Erth      8%         N/A       87%         4
 Arcjolt                  Conj/Air       5%         1d15      91%         5
 Lehudib's Crystal Spear  Conj/Erth      5%         10d3      100%        8
 Maxwell's Capacitive Co  Air            2%         ∞         100%        8


Dungeon Overview and Level Annotations

Branches:
Dungeon (9/15)             Temple (1/1) D:7
   Lair: D:8-11         Orc: D:9-12

Altars:
Ashenzari
Cheibriados
Dithmenos
Elyvilon
Fedhas
Gozag
Hepliaklqana
Kikubaaqudgha
Makhleb
Okawaru
Qazlal
Ru
Sif Muna
Trog
Uskayaw
Vehumet
Wu Jian
Xom
Yredelemnul
Zin
The Shining One

Shops:
D:5 !

Annotations:
D:3 3 runed translucent doors, PigKeeper's ghost, amateur TeWn
D:9 1 runed translucent door


Innate Abilities, Weirdness & Mutations

Your life essence is reduced to manifest your ancestor. (-10% HP)
Your spellcasting is much less encumbered by armour.
You can use scrolls of enchantment on lesser artefacts.


Message History

The killer bee stings you but does no damage.
The killer bee barely misses you.
The killer bee stings you but does no damage. x2
The killer bee barely misses you.
The killer bee stings you but does no damage.
Aiming: Corrosive Bolt
Press: ? - help, Shift-Dir - straight line, f/p - killer bee
Aim: a killer bee (blue smoke, moderately wounded, berserk, covered in acid, 43% to hit)
The bolt of acid hits the killer bee!!
The killer bee seems to be corroded for longer.
You kill the killer bee!
The bolt of acid hits the killer bee!
You kill the killer bee!
The killer bee stings you but does no damage.
The killer bee closely misses you. You block the killer bee's attack. x2
Aiming: Paralyse
Press: ? - help, Shift-Dir - straight line, f - killer bee
Aim: a killer bee (blue smoke, chance to affect: 63%)
The killer bee resists with significant effort.
The killer bee closely misses you.
The killer bee stings you but does no damage.
You block the killer bee's attack.
The killer bee stings you but does no damage.
The killer bee attacks as it pursues you!
The killer bee barely misses you.
The killer bee stings you but does no damage.
You block the killer bee's attack. The killer bee barely misses you.
You block the killer bee's attack.
The killer bee attacks as it pursues you!
The killer bee stings you.
* * * LOW HITPOINT WARNING * * *
The killer bee attacks as it pursues you!
The killer bee stings you but does no damage.
The killer bee stings you.
* * * LOW HITPOINT WARNING * * *
The killer bee stings you but does no damage. x2
Okay, then.
You block the killer bee's attack. The killer bee stings you!
You die...
Hepliaklqana delivers you to your ancestors.

##...............############.#
................)############.###
.................................
#######................R..#######
#.################..#######
#######...................<......
....[............................
##................###########..##
#..############@y# #..#
###############y.###########..#
y#(y...y§§§§§yy.............##
y......<§§§§§§................
!###################..........
#..........
###################..........
#............................
####.........................


You could see 4 killer bees.

Vanquished Creatures
  A two-headed ogre (D:9)
  Pikel (D:6)
  A queen bee (D:9)
  A hornet (D:9)
  Sigmund (D:2)
  Eustachio (D:4)
  A wraith (D:8)
  4 yaks (D:9)
  A wyvern (D:9)
  2 steam dragons
  Duvessa (D:6)
  A sky beast (D:8)
  3 orc warriors
  2 black bears (D:6)
  A centaur (D:7)
  A lemure (D:6)
  3 phantoms
  A kobold brigand (D:6)
  2 bullfrogs
  2 scorpions
  5 wights (D:9)
  Dowan (D:6)
  22 killer bees
  4 howler monkeys (D:7)
  5 hounds
  4 orc priests
  3 gnoll boudas (D:6)
  2 sleepcaps
  4 iguanas
  5 orc wizards
  9 gnolls (D:6)
  4 adders
  A white imp (D:5)
  2 ufetubi
  2 adder zombies (D:3)
  2 dart slugs
  33 orcs
  2 ball pythons
  7 bats
  8 endoplasms
  4 giant cockroaches
  3 goblins
  4 hobgoblins
  2 jackals (D:5)
  7 kobolds
  3 quokkas
  2 frilled lizards
  8 rats
189 creatures vanquished.

Vanquished Creatures (collateral kills)
  A killer bee (D:9)
1 creature vanquished.

Vanquished Creatures (others)
  An ancestor (D:9)
  A butterfly (D:7)
  140 foxfires
142 creatures vanquished.

Grand Total: 332 creatures vanquished

Notes
Turn   | Place    | Note
-------+----------+-------------------------------------------
     0 | D:1      | soonmide the Mountain Dwarf Fire Elementalist began the
                  | quest for the Orb.
     0 | D:1      | Reached XP level 1. HP: 14/14 MP: 3/3
    18 | D:1      | Learned a level 1 spell: Sting
   115 | D:1      | Reached skill level 1 in Conjurations
   245 | D:1      | Reached XP level 2. HP: 20/20 MP: 1/4
   254 | D:1      | Learned a level 2 spell: Scorch
   636 | D:1      | Reached skill level 4 in Fire Magic
  1116 | D:2      | Noticed Sigmund
  1238 | D:2      | Found a faded altar of an unknown god.
  1242 | D:2      | Reached XP level 3. HP: 26/26 MP: 2/6
  1430 | D:2      | Learned a level 2 spell: Ensorcelled Hibernation
  1628 | D:2      | Reached skill level 1 in Alchemy
  1744 | D:2      | Noticed a phantom
  1777 | D:2      | Killed a phantom
  1778 | D:2      | Reached skill level 1 in Fighting
  1778 | D:2      | Reached skill level 1 in Armour
  1778 | D:2      | Reached XP level 4. HP: 12/36 MP: 0/7
  2659 | D:3      | Identified the +0 mace of Iheilad {drain, rPois rCorr
                  | Str+2}
  2728 | D:3      | Found a runed translucent gate.
  2728 | D:3      | Found a runed translucent gate.
  2728 | D:3      | Found a runed translucent gate.
  2728 | D:3      | Noticed PigKeeper's ghost (amateur TeWn)
  2730 | D:3      | Found a basalt altar of Yredelemnul.
  2736 | D:3      | Reached XP level 5. HP: 41/41 MP: 5/8
  3100 | D:3      | Found a sacrificial altar of Ru.
  3280 | D:4      | Noticed Eustachio
  3308 | D:4      | Killed Eustachio
  3309 | D:4      | Reached XP level 6. HP: 40/48 MP: 4/10
  3413 | D:4      | Found an iron altar of Okawaru.
  3876 | D:5      | Entered Level 5 of the Dungeon
  3976 | D:5      | Reached skill level 5 in Fire Magic
  4410 | D:5      | Found Bacir's Distillery.
  4675 | D:5      | Learned a level 4 spell: Flame Wave
  4826 | D:2      | Killed Sigmund
  4827 | D:2      | Reached XP level 7. HP: 47/55 MP: 6/12
  4828 | D:2      | Identified the -1 buckler "Zooschyl" {Will+ Str+4}
  5069 | D:4      | Found a snail-covered altar of Cheibriados.
  5097 | D:6      | Noticed Duvessa
  5097 | D:6      | Noticed Dowan
  5312 | D:6      | Reached skill level 6 in Fire Magic
  5318 | D:6      | Reached skill level 1 in Shields
  5538 | D:6      | Noticed a steam dragon
  5547 | D:6      | Killed a steam dragon
  5548 | D:6      | Reached XP level 8. HP: 47/66 MP: 10/13
  5624 | D:6      | Reached skill level 7 in Fire Magic
  5743 | D:6      | Found a shadowy altar of Dithmenos.
  5845 | D:6      | Noticed Pikel
  5856 | D:6      | Killed Pikel
  5857 | D:6      | Reached skill level 8 in Fire Magic
  5890 | D:6      | Killed Dowan
  5891 | D:6      | Reached skill level 1 in Short Blades
  5895 | D:6      | Killed Duvessa
  5896 | D:6      | Reached XP level 9. HP: 63/71 MP: 7/14
  6453 | D:7      | Learned a level 3 spell: Volatile Blastmotes
  6770 | D:7      | Reached skill level 1 in Translocations
  6828 | D:7      | Found a broken altar of Ashenzari.
  6906 | D:7      | Found a white marble altar of Elyvilon.
  7476 | D:7      | Found a staircase to the Ecumenical Temple.
  7486 | Temple   | Entered the Ecumenical Temple
  7542 | Temple   | Became a worshipper of Hepliaklqana the Forgotten
  7880 | D:8      | Reached skill level 1 in Invocations
  7910 | D:8      | Learned a level 3 spell: Teleport Other
  8342 | D:8      | Reached XP level 10. HP: 64/78 MP: 13/16
  8825 | D:9      | Found a radiant altar of Vehumet.
  8884 | D:9      | Found a runed translucent door.
  8888 | D:9      | Noticed a tengu warrior
  8893 | D:9      | Noticed a two-headed ogre
  8901 | D:9      | Killed a two-headed ogre
  9056 | D:9      | Reached skill level 5 in Armour
  9248 | D:9      | Reached * piety under Hepliaklqana
  9618 | D:9      | Found an opulent altar of Gozag.
  9640 | D:9      | Reached skill level 5 in Spellcasting
  9640 | D:9      | Reached skill level 5 in Invocations
  9648 | D:9      | Reached skill level 9 in Fire Magic
  9657 | D:9      | Paralysed by a hornet for 1 turns
  9846 | D:9      | Found a burning altar of Makhleb.
 10042 | D:9      | HP: 3/70 [killer bee (7)]
 10053 | D:9      | Slain by a killer bee

Illustrated notes

Levels and vault maps discovered:
D:1:      minmay_arrival_hallway, layout_loops_ring
D:2:      layout_loops_ring, dreamdust_ecumenical_altar_hidden_monk_grotto,
          kennysheep_generic_room_4, uniq_sigmund
D:3:      layout_basic, nicolae_yredelemnul_ghost_church,
          nicolae_ru_path_of_blood, minivault_4
D:4:      layout_loops_ring, nicolae_overflow_hidden_temple,
          overflow_temple_1_default, uniq_eustachio
D:5:      layout_basic, serial_shops, shop
D:6:      layout_basic, kennysheep_mini, nicolae_grassy_gnolls, uniq_pikel,
          uniq_duvessa
D:7:      layout_loops_ring, ashenzari_altar_1, nicolae_elyvilon_peaceful_grove,
          minmay_temple_entry_tees
D:8:      layout_cave_pods
D:9:      layout_long_grid, mainiacjoe_overflow_alcove_2,
          mainiacjoe_overflow_catch_the_wave, special_room [special_room_bee],
          minmay_st_funbox, chequers_arboretum
Temple:   hellmonk_temple_of_storms

Skill      XL: |  1  2  3  4  5  6  7  8  9 10 |
---------------+-------------------------------+-----
Conjurations   | 1 2 3 4 |  4.0
Spellcasting   | 2 3 4 5 |  5.0
Fire Magic     | 4 5 6 8 9 |  9.6
Alchemy        | 1 |  1.0
Fighting       | 1 2 3 4 |  4.1
Armour         | 1 2 3 4 5 |  5.0
Maces & Flails | 2 |  2.4
Evocations     | 2 |  2.1
Shields        | 2 4 |  4.6
Short Blades   | 1 3 4 |  4.7
Stealth        | 3 |  3.0
Translocations | 3 |  3.0
Invocations    | 3 6 |  6.5
Dodging        | |  1.3

Action                     |  1- 3 |  4- 6 |  7- 9 | 10-12 || total
---------------------------+-------+-------+-------+-------++-------
  Melee: Short sword       |    46 |       |       |       ||    46
         Whip              |    18 |    11 |     1 |       ||    30
         Mace              |       |    36 |    17 |       ||    53
         Rapier            |       |    36 |   270 |    57 ||   363
  Throw: Dart              |       |       |     6 |     2 ||     8
   Cast: Foxfire           |    41 |    18 |    33 |     5 ||    97
         Sting             |     4 |     3 |     8 |     2 ||    17
         Scorch            |     6 |    14 |    26 |    12 ||    58
         Flame Wave        |       |       |     1 |     3 ||     4
         Volatile Blastmot |       |       |     1 |       ||     1
 Invoke: Ancestor Identity |       |       |       |     1 ||     1
  Evoke: Wand              |       |     2 |     7 |     8 ||    17
    Use: Scroll            |     2 |       |    17 |     3 ||    22
         Potion            |     1 |       |       |     7 ||     8
   Stab: Sleeping          |     3 |       |     1 |     1 ||     5
         Paralysed         |       |     5 |       |     3 ||     8
 Armour: Robe              |    32 |       |       |       ||    32
         Ring mail         |    21 |     6 |   232 |    95 ||   354
         Leather armour    |       |    53 |    51 |       ||   104
  Dodge: Dodged            |    44 |    47 |   173 |    64 ||   328
  Block: Buckler           |       |       |    85 |    38 ||   123

Table legend: (Time is in decaauts)
 A = Elapsed time spent in this place.
 B = Non-inter-level travel time spent in this place.
 C = Inter-level travel time spent in this place.
 D = Time resting spent in this place.
 E = Time spent auto-exploring this place.
 F = Levels seen in this place.
 G = Mean time per level.
                   A        B        C        D        E       F      G
               +--------+--------+--------+--------+--------+-----+--------+
         Total |  10131 |   9556 |    575 |   1631 |   5776 |  10 | 1013.1 |
       Dungeon |  10063 |   9488 |    575 |   1631 |   5776 |   9 | 1118.1 |
        Temple |     67 |     67 |      0 |      0 |      0 |   1 |   67.0 |
               +--------+--------+--------+--------+--------+-----+--------+

Top non-repeatable levels by time:
     D:6: 1299 daAuts
     D:2: 1285 daAuts
     D:7: 1282 daAuts
     D:9: 1240 daAuts
     D:1: 1070 daAuts
     D:3: 1061 daAuts
     D:8: 1035 daAuts
     D:5: 1026 daAuts
     D:4: 761 daAuts
  Temple: 67 daAuts
